Map: Galactic Process LE

Players

PETRIFIEDCAR - Winner!

  • Race: Protoss Protoss
  • League: Gold

xxxAceBlade

  • Race: Terran Terran
  • League: Silver

VOD

Have the link to the VOD?

Description

Time

  • Played on: Aug. 25, 2016, 9:09 p.m.
  • Length: 8:10
Show
View Real Time Build Order
Export as new Build Order

PETRIFIEDCAR Protoss - Winner!

Build Orders:  

Get SALT Encoding   

  12  0:02  Probe (Chrono Boost)  
  13  0:16  Pylon  
  13  0:19  Probe (Chrono Boost)  
  14  0:35  Gateway  
  14  0:40  Probe (Chrono Boost)  
  15  0:45  Assimilator  
  15  0:55  Probe (Chrono Boost)  
  16  1:05  Probe (Chrono Boost)  
  17  1:16  Probe (Chrono Boost)  
  18  1:26  Probe (Chrono Boost)  
  19  1:37  Probe (Chrono Boost)  
  19  1:38  Cybernetics Core  
  20  1:41  Pylon  
  20  1:47  Probe (Chrono Boost)  
  21  2:01  Warp Gate  
  21  2:02  Nexus  
  21  2:07  Probe (Chrono Boost)  
  22  2:20  Assimilator  
  24  2:23  Mothership Core (Chrono Boost)  
  24  2:30  Stalker  
  26  2:40  Gateway  
  26  2:56  Pylon  
  26  3:00  Robotics Facility  
  26  3:12  Probe (Chrono Boost)  
  27  3:14  Probe (Chrono Boost)  
  28  3:24  Probe (Chrono Boost)  
  28  3:25  Probe (Chrono Boost)  
  30  3:36  Probe (Chrono Boost)  
  30  3:37  Assimilator  
  31  3:46  Observer  
  32  3:56  Gateway  
  32  3:58  Twilight Council  
  32  4:07  Probe (Chrono Boost)  
  32  4:08  Probe (Chrono Boost)  
  34  4:13  Immortal, Stalker x2  
  38  4:20  Blink  
  42  4:25  Probe (Chrono Boost)  
  42  4:26  Pylon  
  42  4:27  Probe (Chrono Boost)  
  44  4:46  Stalker x2  
  44  4:49  Observer  
  49  4:58  Sentry  
  51  5:02  Probe x2 (Chrono Boost)  
  53  5:11  Stalker x2  
  59  5:14  Probe x2 (Chrono Boost)  
  59  5:26  Probe x2 (Chrono Boost)  
  61  5:32  Pylon  
  61  5:35  Pylon  
  61  5:38  Probe (Chrono Boost)  
  61  5:40  Pylon  
  62  5:43  Pylon  
  62  5:45  Probe (Chrono Boost)  
  52  6:05  Stalker x3  
  60  6:12  Probe x2 (Chrono Boost)  
  60  6:20  Gateway  
  60  6:24  Probe (Chrono Boost)  
  61  6:29  Zealot x3  
  69  6:41  Probe x2 (Chrono Boost)  
  69  6:43  Assimilator  
  69  6:53  Probe (Chrono Boost)  
  70  6:56  Probe (Chrono Boost)  
  70  7:00  Zealot  
  70  7:01  Zealot  
  75  7:05  Probe (Chrono Boost)  
  76  7:13  Probe (Chrono Boost)  
  78  7:17  Probe (Chrono Boost)  
  78  7:25  Probe (Chrono Boost)  
  79  7:32  Zealot x4  
  73  7:55  Stalker x4  
Show
View Real Time Build Order
Export as new Build Order

xxxAceBlade Terran 

Build Orders:  

Get SALT Encoding   

  12  0:01  SCV  
  13  0:14  SCV  
  14  0:17  Supply Depot  
  14  0:26  SCV  
  15  0:42  Barracks  
  15  0:46  SCV  
  15  0:49  Refinery  
  16  1:12  SCV  
  17  1:28  SCV  
  17  1:32  Marine  
  18  1:40  Command Center  
  18  1:48  Orbital Command  
  18  2:07  Barracks Tech Lab  
  18  2:11  Factory  
  18  2:17  SCV  
  19  2:30  Marine  
  20  2:40  Stimpack  
  20  2:43  Refinery  
  20  2:52  Marauder  
  20  2:54  Orbital Command  
  20  2:58  SCV  
  23  3:06  Widow Mine  
  25  3:15  Marauder  
  27  3:25  Starport  
  27  3:36  Marine  
  28  3:51  SCV  
  28  3:54  Marine  
  28  3:55  SCV  
  31  3:59  Widow Mine  
  33  4:04  SCV  
  34  4:11  SCV  
  34  4:16  Barracks, Medivac, SCV  
  38  4:27  Marine  
  38  4:29  SCV  
  40  4:41  SCV  
  41  4:45  Concussive Shells  
  41  4:57  Marauder  
  43  5:09  Engineering Bay  
  43  5:12  Starport Reactor  
  43  5:13  Factory Tech Lab  
  43  5:16  SCV  
  43  5:18  SCV  
  45  5:28  SCV  
  46  5:29  Supply Depot  
  46  5:51  Marauder  
  41  6:05  Liberator x2  
  41  6:07  Command Center  
  41  6:10  Supply Depot  
  39  6:14  Missile Turret  
  39  6:16  Marine  
  40  6:20  Siege Tank  
  49  6:28  Barracks  
  49  6:29  SCV  
  49  6:32  Barracks Reactor  
  50  6:38  Missile Turret  
  50  6:48  SCV x2  
  52  6:54  Supply Depot  
  52  7:02  Starport  
  52  7:07  SCV  
  30  7:52  Marine x2  
Tags
 
Add a new tag
Caveats
  • Supply blocks, unpowered buildings, or Contaminate may cause inaccurate times.
  • Supply counts are checked every 10 seconds.